 Dungeon Crawl Stone Soup version 0.31-a0-1338-gb567cfdca4 (webtiles) character file.

Game seed: 17847501766450437633

322 Lobster4 the Firebug (level 6, -1/50 HPs)
             Began as a Hill Orc Fire Elementalist on Dec 22, 2023.
             Was a Believer of Nemelex Xobeh.
             Slain by an ogre
             ... wielding a +0 giant spiked club
              (26 damage)
             ... on level 2 of the Dungeon.
             The game lasted 00:11:06 (4544 turns).

Lobster4 the Firebug (Hill Orc Fire Elementalist)   Turns: 4544, Time: 00:11:06

Health: -1/50      AC:  3    Str: 11    XL:     6   Next: 47%
Magic:  9/9        EV: 12    Int: 17    God:    Nemelex Xobeh [**....]
Gold:   104        SH:  0    Dex: 11    Spells: 6/9 levels left

rFire   . . .        j - +2 dagger (flame)
rCold   . . .        (no shield)
rNeg    . . .        a - +1 robe
rPois   .            (no helmet)
rElec   .            (no cloak)
rCorr   .            (no gloves)
SInv    .            (no boots)
Will    .....        (no amulet)
Stlth   ++           f - ring of wizardry
HPRegen 0.28/turn    (no ring)
MPRegen 0.11/turn

%: wizardry (x1)
@: about to teleport
A: no striking features
a: Renounce Religion, Draw Escape, Draw Destruction, Draw Summoning


You were on level 2 of the Dungeon.
You worshipped Nemelex Xobeh.
Nemelex Xobeh was pleased with you.
You visited 1 branch of the dungeon, and saw 4 of its levels.

You collected 118 gold pieces.
You spent 14 gold pieces at shops.

Inventory:

Hand Weapons
 d - a +0 short sword
 h - a +0 hand axe
 j - a +2 dagger of flaming (weapon)
 r - a +1 dagger of electrocution
Missiles
 n - 3 boomerangs
 t - 2 javelins
Armour
 a - a +1 robe (worn)
Magical Staves
 p - a staff of air
Jewellery
 f - a ring of wizardry (left hand)
Scrolls
 c - a scroll of blinking {unknown}
 e - a scroll of enchant armour
 g - a scroll of fog {unknown}
 o - a scroll of vulnerability {unknown}
 q - a scroll of teleportation
 s - a scroll of amnesia {unknown}
Potions
 b - a potion of magic
 i - 2 potions of berserk rage {unknown}
 m - a potion of enlightenment


   Skills:
 + Level 2.9 Fighting
 + Level 2.4 Axes
 + Level 2.4 Armour
 - Level 2.0 Dodging
 - Level 1.5 Stealth
 + Level 2.2 Spellcasting
 + Level 2.5 Conjurations
 + Level 4.2 Fire Magic
 + Level 1.9 Invocations


You had 6 spell levels left.
You knew the following spells:

 Your Spells              Type           Power      Damage    Failure   Level
a - Foxfire               Conj/Fire      52%        2x1d6     1%          1
b - Scorch                Fire           32%        2d6       1%          2

Your spell library contained the following spells:

 Spells                   Type           Power      Damage    Failure   Level
 Freeze                   Ice            4%         1d3       8%          1
 Inner Flame              Hex/Fire       9%         N/A       10%         3
 Volatile Blastmotes      Fire/Tloc      18%        2d11      10%         3
 Hailstorm                Conj/Ice       6%         3d5       14%         3
 Flame Wave               Conj/Fire      13%        2d6       19%         4
 Frozen Ramparts          Ice            2%         1d1       22%         3


Dungeon Overview and Level Annotations

Branches:
Dungeon (4/15)
 Temple: D:4-7

Altars:
Nemelex Xobeh
Vehumet

Shops:
D:1 !(   D:3 [   D:4 :[:

Annotations:
D:4 exclusions: killer bee and ogre


Message History

a +0 club; a +0 leather armour You start resting.
Your foxfire dissipates!
You start resting.
You flicker for a moment.
You start resting.
You flicker back into view.
You start resting.
Magic restored.
HP restored.
There is a stone staircase leading up here.
There is a stone staircase leading down here.
You climb downwards.
Level annotation: exclusions: killer bee and ogre The ogre shouts!
The ogre hits you with a +0 giant spiked club!!
There is a stone staircase leading up, spattered with blood here.
The ogre misses you.
You climb upwards.
There is a stone staircase leading down here.
You fade into invisibility!
The ogre hits you with a +0 giant spiked club!
* * * LOW HITPOINT WARNING * * *
You flicker for a moment.
You flicker back into view.
There is a stone staircase leading up here.
The ogre misses you.
You climb upwards.
There is a stone staircase leading down here.
Okay, then.
Okay, then.
As you read the scroll labelled YGECISALUAS, it crumbles to dust.
It is a scroll of enchant armour.
Your +0 robe glows green for a moment.
As you read the scroll labelled IXZEYT TA BIEG, it crumbles to dust.
You feel strangely unstable.
It was a scroll of teleportation.
The ogre hits you with a +0 giant spiked club!!
Ouch! That really hurt!
You die...
Your body disappears without a glow.

#.#. #.#. #.#) #.#. #####
####.#. #...# ##########.##.#.
#...# #.......##.#..#. #...#
###.......##......
#...#########@#.......##.##.#.
#.....).....O.........##.##.#.
#.....................##.##.#.
#.....................'.......
#...#########.#.......##.##.#.
#...# #.#.......##.##.#. #####
#...########....#.
#######.#....##########.
#.......................


You could see an ogre.

Vanquished Creatures
  A killer bee (D:3)
  Natasha (thrice) (D:3)
  An iguana (D:3)
  An orc wizard (D:4)
  6 adders
  A bombardier beetle (D:4)
  2 worms (D:2)
  4 dart slugs
  4 orcs
  4 bats
  5 endoplasms
  3 giant cockroaches (D:1)
  11 goblins
  6 hobgoblins
  11 kobolds
  3 quokkas
  3 ball pythons (D:4)
  5 frilled lizards
  2 rats (D:1)
76 creatures vanquished.

Vanquished Creatures (others)
  222 foxfires
222 creatures vanquished.

Grand Total: 298 creatures vanquished

Notes
Turn   | Place    | Note
-------+----------+-------------------------------------------
     0 | D:1      | Lobster4 the Hill Orc Fire Elementalist began the quest for
                  | the Orb.
     0 | D:1      | Reached XP level 1. HP: 14/14 MP: 3/3
   344 | D:1      | Reached XP level 2. HP: 22/22 MP: 1/4
   414 | D:1      | Learned a level 2 spell: Scorch
   604 | D:1      | Reached skill level 1 in Fighting
   766 | D:1      | Reached XP level 3. HP: 25/28 MP: 0/5
  1016 | D:1      | Found Umouca's Distillery.
  1019 | D:1      | You fall into a shaft and drop 1 floor!
  1028 | D:2      | Reached skill level 1 in Armour
  1168 | D:2      | Reached XP level 4. HP: 35/35 MP: 0/6
  1291 | D:2      | Found a sparkling altar of Nemelex Xobeh.
  1299 | D:2      | Became a worshipper of Nemelex Xobeh the Trickster
  1483 | D:2      | Reached skill level 1 in Axes
  1943 | D:1      | Bought a potion of degeneration for 14 gold pieces
  1986 | D:1      | Found Buas's Antique Weapon Boutique.
  2904 | D:3      | Reached * piety under Nemelex Xobeh
  2915 | D:3      | Reached XP level 5. HP: 41/41 MP: 3/8
  3112 | D:3      | Found Cuull's Antique Armour Emporium.
  3359 | D:3      | Received a gift from Nemelex Xobeh
  3573 | D:3      | Noticed Natasha
  3577 | D:3      | Killed Natasha
  3578 | D:3      | Reached skill level 1 in Invocations
  3664 | D:3      | Noticed Natasha
  3669 | D:3      | Killed Natasha
  3754 | D:3      | Noticed Natasha
  3757 | D:3      | Killed Natasha
  3758 | D:3      | Reached skill level 4 in Fire Magic
  3894 | D:4      | Found a radiant altar of Vehumet.
  3900 | D:4      | Noticed an ogre
  3946 | D:4      | Found Zizal's Book Emporium.
  3949 | D:4      | Reached ** piety under Nemelex Xobeh
  3965 | D:4      | Found Quatagge's Book Boutique.
  4043 | D:4      | Reached XP level 6. HP: 50/50 MP: 1/9
  4367 | D:4      | Found Ysiteonu's Antique Armour Shop.
  4544 | D:2      | Slain by an ogre

Illustrated notes

Levels and vault maps discovered:
D:1:      elethiomel_arrival_shortcut, layout_basic, serial_shops,
          nicolae_shop_trees, shop_statue, grunt_decor_clamped
D:2:      layout_basic, basic_altar
D:3:      layout_basic, serial_shops,
          nicolae_shop_temple_entry_statues_fountains, serial_glass,
          glass_columns_a, glass_columns_a, uniq_natasha
D:4:      layout_rooms, riverfiend_overflow_shadow_ancestor, vehumet_crystals,
          nicolae_yredelemnul_ghost_church, serial_shops,
          nicolae_shop_waterfront, shop_fountains, kennysheep_mini, shop,
          nicolae_diamond_shop, nicolae_kite_square_tiling_tiny, abandoned_shop,
          grunt_ministairs_12

Skill      XL: |  1  2  3  4  5 |
---------------+----------------+-----
Fighting       | 1 2 |  2.9
Armour         | 1 2 |  2.4
Dodging        | 2 |  2.0
Axes           | 1 2 |  2.4
Conjurations   | 2 |  2.5
Spellcasting   | 2 |  2.2
Invocations    | 1 |  1.9
Fire Magic     | 4 |  4.2
Stealth        | |  1.5

Action                     |  1- 3 |  4- 6 || total
---------------------------+-------+-------++-------
  Melee: Unarmed           |     4 |       ||     4
         Short sword       |    24 |       ||    24
         Punch             |     1 |       ||     1
         Dagger            |       |    25 ||    25
  Throw: Boomerang         |       |     2 ||     2
   Cast: Foxfire           |    57 |    83 ||   140
         Scorch            |     2 |    26 ||    28
    Use: Scroll            |       |     5 ||     5
         Potion            |       |     4 ||     4
   Stab: Sleeping          |       |     1 ||     1
 Armour: Robe              |    20 |    17 ||    37
  Dodge: Dodged            |    21 |    18 ||    39

Table legend: (Time is in decaauts)
 A = Elapsed time spent in this place.
 B = Non-inter-level travel time spent in this place.
 C = Inter-level travel time spent in this place.
 D = Time resting spent in this place.
 E = Time spent auto-exploring this place.
 F = Levels seen in this place.
 G = Mean time per level.
                   A        B        C        D        E       F      G
               +--------+--------+--------+--------+--------+-----+--------+
         Total |   4544 |   4297 |    247 |    629 |   2953 |   4 | 1136.0 |
       Dungeon |   4544 |   4297 |    247 |    629 |   2953 |   4 | 1136.0 |
               +--------+--------+--------+--------+--------+-----+--------+

Top non-repeatable levels by time:
     D:1: 1744 daAuts
     D:3: 1325 daAuts
     D:2: 1093 daAuts
     D:4: 380 daAuts
